 Dungeon Crawl Stone Soup version 0.20.1-1-g8b1a95d (webtiles) character file.

130 Linguinho the Bolt Thrower (level 4, -2/35 HPs)
             Began as a Centaur Arcane Marksman on Oct 27, 2017.
             Slain by an orc
             ... wielding a +0 whip
              (3 damage)
             ... on level 3 of the Dungeon.
             The game lasted 00:09:50 (1831 turns).

Linguinho the Bolt Thrower (CeAM)                   Turns: 1831, Time: 00:09:51

Health: -2/35      AC:  7    Str: 13    XL:     4   Next: 89%
Magic:  0/5        EV:  7    Int: 12    God:
Gold:   70         SH:  0    Dex: 10    Spells: 2/5 levels left

rFire    . . .     SeeInvis .   q - +0 dagger
rCold    . . .     Gourm    .   (no shield)
rNeg     . . .     Faith    .   i - +0 scale mail
rPois    .         Spirit   .   w - +0 hat
rElec    .         Reflect  .   (no cloak)
rCorr    .         Harm     .   o - +0 pair of gloves
MR       .....                  (no barding)
Stlth    ..........             (no amulet)
Regen    0.2/turn               (no ring)
MPRegen  0.1/turn               (no ring)

@: berserk cooldown, slowed
A: hooves 3, deformed body, speed 2, tough skin 3
a: no special abilities


You were on level 3 of the Dungeon.
You were hungry.

You visited 1 branch of the dungeon, and saw 3 of its levels.

You collected 70 gold pieces.

Inventory:

Hand Weapons
 a - a +0 hand crossbow
 q - a +0 dagger (weapon)
 r - a +0 hunting sling
Missiles
 d - 5 bolts
 h - 99 stones (quivered)
Armour
 e - a +0 robe
 i - a +0 scale mail (worn)
 o - a +0 pair of gloves (worn)
 w - a +0 hat (worn)
Jewellery
 s - a +2 ring of dexterity {unknown}
Scrolls
 b - 2 scrolls of identify {unknown}
 j - a scroll of enchant armour {unknown}
 k - 2 scrolls of enchant weapon {unknown}
 m - a scroll of recharging {unknown}
 t - a scroll of fear {unknown}
 u - 2 scrolls of remove curse {unknown}
 v - a scroll of immolation {unknown}
Potions
 l - a potion of cancellation {unknown}
 n - a potion of haste {unknown}
 x - a potion of heal wounds {unknown}
Books
 c - a book of Debilitation

   Spells                             Type                      Level
   a - Corona                         Hexes                        1
   b - Slow                           Hexes                        2
   c - Inner Flame                    Hexes/Fire                   3
   d - Portal Projectile              Hexes/Translocation          3
   e - Cause Fear                     Hexes                        4
   f - Leda's Liquefaction            Hexes/Earth                  4
Comestibles
 f - a bread ration
 g - 2 royal jellies
 p - 2 meat rations


   Skills:
 + Level 1.6 Fighting
 + Level 0.1 Short Blades
 + Level 1.6(2.1) Slings
 + Level 3.1 Crossbows
 * Level 1.6(2.1) Throwing
 * Level 1.3 Armour
 * Level 1.8 Dodging
 + Level 1.0 Spellcasting
 + Level 2.9 Hexes


You had 2 spell levels left.
You knew the following spells:

 Your Spells              Type           Power        Failure   Level  Hunger
a - Corona                Hex            #......      38%         1    ##.....
b - Slow                  Hex            #.......     54%         2    ###....


Dungeon Overview and Level Annotations

Branches:
Dungeon (3/15)

Altars:

Annotations:
D:3 Irenicus's ghost, amateur FoCK


Innate Abilities, Weirdness & Mutations

You have hooves in place of feet.
Armour fits poorly on your strangely shaped body.
You cover ground very quickly.
You have extremely tough skin. (AC +3)


Message History

* * * LOW HITPOINT WARNING * * *
Things that are here:
a club; 2 bolts You hit the orc priest.
You kill the orc priest!
You puncture the orc!
You kill the orc!
Irenicus's ghost hits you.
* * * LOW HITPOINT WARNING * * *
Things that are here:
a mace; a short sword; an orc corpse You feel a strong urge to attack something. 2 orcs come into view.
You are no longer berserk.
You are exhausted.
You feel yourself slow down.
The orc shouts!
You see here a bolt.
The orc hits you with a whip.
You die...

# #.# #.# # #.#
#.# #.# #.# #>#
#W# .# #.# #W####
###....#
##########..>...#
.....oo@##.######
#######(##.#
#W##.# #)##.#
#)##.# #(##.#
#.##W#
########.##.#
#....W...##.#


You could see Irenicus's ghost and 2 orcs.

Vanquished Creatures
  An orc priest (D:3)
  5 adders
  An ooze (D:3)
  3 dart slugs (D:1)
  2 leopard geckos (D:2)
  2 orcs (D:3)
  4 bats
  A giant cockroach (D:2)
  6 goblins
  9 hobgoblins
  2 quokkas
  A frilled lizard (D:2)
  A kobold (D:2)
  4 rats
42 creatures vanquished.

Vanquished Creatures (others)
  An adder (D:3)
1 creature vanquished.

Grand Total: 43 creatures vanquished

Notes
Turn   | Place    | Note
-------+----------+-------------------------------------------
     0 | D:1      | Linguinho the Centaur Arcane Marksman began the quest for the Orb.
     0 | D:1      | Reached XP level 1. HP: 16/16 MP: 2/2
   177 | D:1      | Reached XP level 2. HP: 23/23 MP: 3/3
   181 | D:1      | Learned a level 2 spell: Slow
   467 | D:1      | Reached skill level 1 in Throwing
   779 | D:2      | Reached XP level 3. HP: 28/28 MP: 4/4
   850 | D:2      | Reached skill level 3 in Crossbows
   912 | D:2      | Reached skill level 1 in Armour
  1292 | D:2      | Reached XP level 4. HP: 35/35 MP: 5/5
  1497 | D:3      | Reached skill level 1 in Slings
  1697 | D:3      | Noticed Irenicus's ghost (amateur FoCK)
  1824 | D:3      | HP: 2/52 [orc priest/nerve-wracking pain (8)]
  1831 | D:3      | Slain by an orc

Skill      XL: |  1  2  3  4 |
---------------+-------------+-----
Throwing       | 1 |  1.6
Crossbows      | 3 |  3.1
Armour         | 1 |  1.3
Slings         | 1 |  1.6
Fighting       | |  1.6
Short Blades   | |  0.1
Dodging        | |  1.8
Spellcasting   | |  1.0
Hexes          | |  2.9

Action                   |  1- 3 |  4- 6 || total
-------------------------+-------+-------++-------
Melee: Dagger            |       |     3 ||     3
 Fire: Hand crossbow     |    65 |     9 ||    74
       Hunting sling     |    23 |    38 ||    61
  Eat: Chunk             |       |     1 ||     1
Armor: Scale mail        |    13 |     6 ||    19
Dodge: Dodged            |    17 |     8 ||    25
